 Dungeon Crawl Stone Soup version 0.23-a0-143-g1adec7bb76 (webtiles) character file.

508176 Napalmbreeze the Sorcerer (level 24, -23/156 HPs)
             Began as a Deep Elf Fire Elementalist on Sept 2, 2018.
             Was the Champion of Vehumet.
             Killed from afar by an ancient lich (38 damage)
             ... with a crystal spear
             ... on level 5 of the Vaults on Sept 4, 2018.
             The game lasted 07:27:47 (103901 turns).

Napalmbreeze the Sorcerer (DEFE)                  Turns: 103901, Time: 07:27:47

Health: -23/156    AC: 12    Str: 13    XL:     24   Next: 24%
Magic:  2/51       EV:  2    Int: 36    God:    Vehumet [******]
Gold:   3276       SH:  0    Dex: 15    Spells: 10/67 levels left

rFire    + + .     SeeInvis .   Z - staff of fire
rCold    + . .     Gourm    +   (no shield)
rNeg     + + +     Faith    .   j - +1 robe "Ischunan" {rElec rPois rF+}
rPois    ∞         Spirit   .   Q - +1 helmet {Int+3}
rElec    +         Reflect  .   v - +2 cloak {MR+}
rCorr    .         Harm     .   o - +0 pair of gloves "Celonisa" {rN+}
MR       +++..                  J - +2 pair of boots
Stlth    ++........             C - amulet of the gourmand
HPRegen  0.36/turn              e - ring of protection from cold
MPRegen  0.32/turn              P - ring "Gisafred" {*Contam EV+5 Str+8}

@: petrified
A: no striking features
}: 2/15 runes: serpentine, barnacled
a: Renounce Religion


You were on level 5 of the Vaults.
You worshipped Vehumet.
Vehumet was exalted by your worship.
You were very full.

You visited 9 branches of the dungeon, and saw 45 of its levels.
You also visited: Labyrinth, Sewer and Ice Cave.

You collected 6571 gold pieces.
You spent 3295 gold pieces at shops.

Inventory:

Armour
 j - the +1 robe "Ischunan" (worn) {rElec rPois rF+}
   (You took it off a deep elf sorcerer on level 3 of the Elven Halls)

   It protects you from fire.
   It insulates you from electricity.
   It protects you from poison.
 o - the +0 pair of gloves "Celonisa" (worn) {rN+}
   (You acquired it on level 5 of the Depths)

   It protects you from negative energy.
 p - +0 shadow dragon scales
 v - a +2 cloak of magic resistance (worn)
 E - a +1 pair of boots of flying
 F - +2 fire dragon scales
 J - a +2 pair of boots (worn)
 Q - a +1 helmet of intelligence (worn)
 S - +0 acid dragon scales
Magical Staves
 Z - an uncursed staff of fire (weapon)
Jewellery
 e - a ring of protection from cold (left hand)
 q - an uncursed ring of positive energy
 B - an uncursed ring of resist corrosion
 C - an amulet of the gourmand (around neck)
 D - the ring of Tode Wed {rElec rPois rF+ Int+3 Stlth-}
   (You found it in a labyrinth)

   [ring of attention]

   It affects your intelligence (+3).
   It protects you from fire.
   It insulates you from electricity.
   It protects you from poison.
   It makes you less stealthy.
 O - an uncursed ring of positive energy
 P - the ring "Gisafred" (right hand) {*Contam EV+5 Str+8}
   (You found it on level 10 of the Dungeon)

   [ring of evasion]

   It affects your evasion (+5).
   It affects your strength (+8).
   It causes magical contamination when unequipped.
 R - the amulet "Pefuwump" {Spirit rElec rF++ rN+ Int-4}
   (You found it on level 11 of the Dungeon)

   [amulet of guardian spirit]

   It causes incoming damage to be split between your health and magic.
   It affects your intelligence (-4).
   It greatly protects you from fire.
   It insulates you from electricity.
   It protects you from negative energy.
 U - an uncursed ring of protection from fire {unknown}
 X - a +3 ring of evasion
Wands
 h - a wand of disintegration (25)
 i - a wand of flame (23)
 u - a wand of iceblast (8)
 x - a wand of scattershot (10)
 K - a wand of paralysis (69)
 M - a wand of acid (16)
 V - a wand of digging (9)
 W - a wand of random effects (25)
Scrolls
 b - 10 scrolls of amnesia
 d - 5 scrolls of enchant armour
 f - a scroll of summoning
 g - 5 scrolls of magic mapping
 k - 8 scrolls of immolation
 l - 14 scrolls of enchant weapon
 m - 27 scrolls of remove curse
 t - 5 scrolls of identify
 y - a scroll of holy word
 z - 21 scrolls of teleportation
 L - 2 scrolls of vulnerability
 N - 7 scrolls of fog
 T - a scroll of fear
Potions
 a - 3 potions of brilliance
 n - 3 potions of flight
 r - 3 potions of heal wounds
 s - 2 potions of agility
 w - 15 potions of curing
 A - 2 potions of invisibility
 G - 4 potions of magic
 H - 4 potions of mutation
 I - a potion of ambrosia
 Y - 2 potions of cancellation
Comestibles
 c - 30 rations


   Skills:
 * Level 17.3 Fighting
 - Level 9.3 Dodging
 - Level 2.4 Stealth
 + Level 22.4 Spellcasting
 + Level 20.1 Conjurations
 - Level 4.0 Charms
 - Level 12.0 Summonings
 - Level 20.0 Translocations
 - Level 18.0 Fire Magic
 - Level 8.0 Ice Magic
 - Level 10.0 Earth Magic


You had 10 spell levels left.
You knew the following spells:

 Your Spells              Type           Power        Failure   Level  Hunger
a - Iron Shot             Conj/Erth      #######...   1%          6    None
b - Ignition              Fire           ########..   1%          8    ##.....
c - Controlled Blink      Tloc           N/A          1%          8    ##.....
d - Conjure Flame         Conj/Fire      ########     0%          3    None
f - Sticky Flame          Conj/Fire      ########     0%          4    None
g - Swiftness             Chrm/Air       ######..     1%          2    None
q - Spellforged Servitor  Conj/Summ      ########..   1%          7    None
r - Orb of Destruction    Conj           ########..   1%          7    None
s - Bolt of Fire          Conj/Fire      ########..   1%          6    None
w - Freezing Cloud        Conj/Ice/Air   #######...   1%          6    None

Your spell library contained the following spells:

 Spells                   Type           Power        Failure   Level  Hunger
 Shatter                  Erth           #######...   92%         9    ####...
 Tornado                  Air            #####.....   100%        9    ####...
 Apportation              Tloc           ######       0%          1    None
 Flame Tongue             Conj/Fire      #####        0%          1    None
 Magic Dart               Conj           ####         0%          1    None
 Sandblast                Erth           ######       0%          1    None
 Shock                    Conj/Air       ####         0%          1    None
 Summon Butterflies       Summ           #######.     0%          1    None
 Summon Small Mammal      Summ           ####         0%          1    None
 Blink                    Tloc           N/A          0%          2    None
 Call Imp                 Summ           #######.     0%          2    None
 Searing Ray              Conj           ######       0%          2    None
 Shroud of Golubria       Chrm/Tloc      #######...   0%          2    None
 Throw Flame              Conj/Fire      ######       0%          2    None
 Gell's Gravitas          Tloc           ########..   0%          3    None
 Lesser Beckoning         Tloc           ########..   0%          3    None
 Stone Arrow              Conj/Erth      ######       0%          3    None
 Teleport Other           Tloc           ########     0%          3    None
 Force Lance              Conj/Tloc      ########     0%          4    None
 Iskenderun's Mystic Bla  Conj           ########     0%          4    None
 Passage of Golubria      Tloc           N/A          0%          4    None
 Fireball                 Conj/Fire      ########..   0%          5    None
 Animate Skeleton         Necr           N/A          1%          1    None
 Confusing Touch          Hex            #####.       1%          1    None
 Corona                   Hex            #####..      1%          1    None
 Infusion                 Chrm           ####         1%          1    None
 Pain                     Necr           ####         1%          1    None
 Ensorcelled Hibernation  Hex/Ice        ######       1%          2    None
 Passwall                 Tmut/Erth      ######..     1%          2    None
 Poisonous Vapours        Pois/Air       #####.       1%          2    None
 Slow                     Hex            #####...     1%          2    None
 Song of Slaying          Chrm           ######..     1%          2    None
 Confuse                  Hex            #####...     1%          3    None
 Dazzling Spray           Conj/Hex       ######       1%          3    None
 Inner Flame              Hex/Fire       ########     1%          3    None
 Mephitic Cloud           Conj/Pois/Air  ######..     1%          3    None
 Portal Projectile        Hex/Tloc       ######       1%          3    None
 Regeneration             Chrm/Necr      ######....   1%          3    None
 Spectral Weapon          Hex/Chrm       ######..     1%          3    None
 Static Discharge         Conj/Air       #######.     1%          3    None
 Summon Guardian Golem    Hex/Summ       ######..     1%          3    None
 Tukima's Dance           Hex            #####...     1%          3    None
 Vampiric Draining        Necr           #####.....   1%          3    None
 Airstrike                Air            #####.....   1%          4    None
 Fulminant Prism          Conj/Hex       #######...   1%          4    None
 Ice Form                 Ice/Tmut       ######..     1%          4    None
 Petrify                  Tmut/Erth      ######..     1%          4    None
 Summon Ice Beast         Ice/Summ       #######.     1%          4    None
 Summon Lightning Spire   Summ/Air       ######..     1%          4    None
 Bolt of Magma            Conj/Fire/Erth ########..   1%          5    None
 Irradiate                Conj/Tmut      #######...   1%          5    None
 Iskenderun's Battlesphe  Conj/Chrm      #######.     1%          5    None
 Lee's Rapid Deconstruct  Erth           #######...   1%          5    None
 Lightning Bolt           Conj/Air       #######...   1%          5    None
 Summon Demon             Summ           #######...   1%          5    None
 Venom Bolt               Conj/Pois      #######...   1%          5    None
 Bolt of Cold             Conj/Ice       #######...   1%          6    None
 Dispersal                Tloc           ########..   1%          6    None
 Ozocubu's Refrigeration  Ice            #######...   1%          6    None
 Disjunction              Tloc           ########..   1%          8    ##.....
 Metabolic Englaciation   Hex/Ice        ######....   3%          5    None
 Animate Dead             Necr           N/A          6%          4    None
 Statue Form              Tmut/Erth      ######...    13%         6    None
 Simulacrum               Ice/Necr       ######....   19%         6    None
 Hydra Form               Tmut           #####.....   69%         6    None
 Dragon Form              Tmut           #####.....   99%         7    None
 Discord                  Hex            #####.....   100%        8    ##.....


Dungeon Overview and Level Annotations

Branches:
Dungeon (15/15)            Temple (1/1) D:6            Lair (6/6) D:11
 Shoals (4/4) Lair:4        Snake (4/4) Lair:2        Slime (0/5) Lair:6
    Orc (2/2) D:9             Elf (3/3) Orc:2        Vaults (5/5) D:14
  Crypt (0/3) Vaults:3     Depths (5/5) D:15            Zot (0/5) Depths:5

Altars:
Ashenzari
Cheibriados
Dithmenos
Elyvilon
Fedhas
Gozag
Hepliaklqana
Kikubaaqudgha
Makhleb
Nemelex Xobeh
Okawaru
Qazlal
Ru
Sif Muna
Trog
Uskayaw
Vehumet
Wu Jian
Xom
Yredelemnul
Zin
The Shining One

Shops:
D:5 *:!(?   D:8 ?*(   D:9 (   D:14 *   Orc:2 %?(!   Elf:1 ?}}=   Snake:2 :
Vaults:1 [   Vaults:2 [   Vaults:3 (   Vaults:5 ?}!

Portals:
Hell: Depths:1 Depths:2 Depths:3 Depths:4 Depths:5
Abyss: Depths:2 Depths:4 Depths:5
Pandemonium: Depths:2 Depths:3 Depths:4
Ziggurat: Depths:2

Annotations:
D:4 2 transporters, WhatIsLove's ghost, novice HOMo
D:8 3 runed doors, Gastronok; Gerstahl's ghost, novice DsGl
Lair:1 1 runed door, Banouka's ghost, journeyman DrIE
Snake:3 exclusion: downstairs
Depths:2 the Enchantress
Depths:4 1 runed door


Message History

Aiming: Iron Shot (safe; 1% risk of failure)
Press: ? - help, Shift-Dir - straight line, f/p - ancient lich
Aim: an ancient lich (almost destroyed)
The iron shot hits the ancient lich.
The ancient lich is almost destroyed.
The ancient lich casts a spell.
The ancient lich seems to speed up.
The ancient lich points at you and mumbles some strange words.
The bolt of acid hits you!
You are splashed with acid!
The acid burns!
Your limbs are stiffening.
Casting: Iron Shot (safe; 1% risk of failure)
Confirm with . or Enter, or press ? or * to list all spells.
You summon a servant imbued with your destructive magic!
The ancient lich points at you and mumbles some strange words.
The crystal spear hits you!
* * * LOW HITPOINT WARNING * * *
You have turned to stone.
The ancient lich casts a spell at you. The crystal spear hits you!
You die...

..................[.[[........
#################...[)...########
............).[[.........
.......%([.[<<[.[........
........[[.<..<%[[.......
.........[.L<<[)[........
###############.(..[.†.[[########
...................%[[[(..[......
..............(÷@%8.%[.#...#.#.#.
.......................#...).....
''#...............#....#...#(#...
..#'''#...........#....#.........
..'...#......)....#....#...#.....
..'.∩.#...........#....#.........
###...###.........#....#.........
#'''###.........#....#...#.....
#....##.........# #.....#...


You could see an ancient lich and a friendly spellforged servitor.

Vanquished Creatures
  2 juggernauts
  Boris (Depths:3)
  Frederick (Depths:4)
  A profane servitor (Depths:4)
  A golden dragon (Vaults:5)
  2 tentacled monstrosities (Vaults:5)
  2 liches
  A deep elf blademaster (Elf:3)
  2 titans
  A quicksilver dragon (Depths:1)
  2 deep elf master archers (Elf:3)
  Polyphemus (Shoals:4)
  Frances (D:12)
  2 sphinxes
  7 tengu reavers
  Kirke (Shoals:4)
  2 shadow dragons
  6 nagarajas (Snake:4)
  9 fire giants
  14 frost giants
  3 deep elf sorcerers
  A balrug (Depths:3)
  4 vault wardens
  2 iron dragons (Vaults:5)
  Louise (Shoals:1)
  2 spriggan defenders (Depths:2)
  4 deep elf elementalists (Elf:3)
  18 very ugly things
  2 entropy weavers (D:12)
  2 draconian stormcallers (Depths:5)
  10 ironheart preservers
  2 war gargoyles (Vaults:5)
  10 stone giants
  A stone giant (shapeshifter) (Vaults:5)
  A green draconian (Depths:5)
  4 deep elf demonologists
  A dire elephant (shapeshifter) (Vaults:5)
  A vampire knight (Depths:5)
  4 deep elf annihilators
  A minotaur (Lab)
  A dire elephant (D:15)
  5 spark wasps
  A black draconian (Depths:5)
  A pearl dragon zombie (Depths:4)
  Snorg (D:11)
  2 merfolk javelineers
  9 deep elf death magi
  8 yaktaur captains
  2 deep elf high priests
  9 fire dragons
  Josephine (Lair:6)
  A large abomination (Vaults:5)
  12 ettins
  4 jiangshi
  Harold (D:8)
  4 ice dragons
  34 vault guards
  6 merfolk impalers
  5 rakshasas
  9 hydras
  7 naga warriors
  A catoblepas (Lair:4)
  9 great orbs of eyes
  An alligator snapping turtle (Shoals:4)
  Erica (D:10)
  6 centaur warriors
  21 two-headed ogres
  A queen ant (D:12)
  An alligator (shapeshifter) (Vaults:1)
  20 dancing weapons
  A satyr (Shoals:4)
  3 tengu warriors
  2 spriggan air magi
  4 deep troll shamans
  7 anacondas
  A merfolk avatar (Shoals:1)
  3 merfolk aquamancers
  2 death yaks
  2 death knights
  8 ogre magi
  11 deep troll earth magi
  2 orc high priests
  6 vampire magi
  A small abomination (Elf:3)
  5 shock serpents
  7 spriggan berserkers
  Nergalle (Lair:4)
  11 naga sharpshooters
  21 deep elf knights
  2 sun demons (Depths:3)
  A sixfirhy (D:13)
  5 iron trolls
  4 hell knights
  A storm dragon skeleton (Depths:2)
  A shadow demon (Depths:3)
  2 skeletal warriors
  3 flayed ghosts
  A salamander mystic (Snake:4)
  7 sea snakes
  26 deep trolls
  2 shadow wraiths (Vaults:4)
  4 wizards
  5 naga ritualists
  7 ironbrand convokers
  A glowing orange brain (Depths:3)
  13 harpies
  4 phantasmal warriors
  14 deep elf archers
  10 mana vipers
  A lindwurm (Lair:6)
  4 orc knights
  4 necromancers
  2 wolf spiders
  7 manticores
  2 orc sorcerers
  49 deep elf magi
  10 cyclopes
  2 wolf spiders (shapeshifter)
  10 salamanders
  An oklob plant (Lair:6)
  7 fauns
  40 ugly things
  4 elephants
  3 centaur zombies
  Joseph (D:8)
  2 merfolk sirens
  3 vault sentinels
  An apis skeleton (Depths:4)
  2 guardian serpents (shapeshifter) (Elf:2)
  Maurice (D:8)
  25 black mambas
  A salamander (shapeshifter) (D:15)
  An eye of devastation (shapeshifter) (Vaults:5)
  7 naga magi
  A torpor snail (Lair:4)
  An ice statue (Lair:2)
  13 spiny frogs
  A gargoyle (D:11)
  2 water nymphs
  4 molten gargoyles
  10 komodo dragons
  An efreet (D:13)
  2 rime drakes
  9 freezing wraiths
  A hellwing (Depths:3)
  22 yaktaurs
  3 tengu conjurers
  17 merfolk
  12 polar bears
  3 ice devils
  12 slime creatures
  7 trolls
  8 hornets
  A wind drake (Shoals:4)
  12 hippogriffs
  A sphinx simulacrum (Vaults:2)
  A frost giant simulacrum (Vaults:2)
  8 dream sheep
  A hippogriff (shapeshifter) (Depths:2)
  11 blink frogs
  3 snapping turtles
  2 shadows
  A centaur simulacrum (D:15)
  A redback (Vaults:2)
  A tarantella (Vaults:2)
  An air elemental (Elf:3)
  A vampire (D:15)
  10 wyverns
  18 water elementals
  A human (D:7)
  A golden eye (shapeshifter) (Vaults:4)
  6 wraiths
  A basilisk (shapeshifter) (Depths:2)
  48 yaks
  5 spriggans
  4 basilisks
  A fire elemental (D:15)
  5 hogs
  2 steam dragons (Lair:6)
  2 hungry ghosts
  33 nagas
  A spriggan simulacrum (Depths:2)
  A warg (Orc:2)
  2 acid dragons (D:11)
  An acid dragon (shapeshifter) (Vaults:5)
  20 soldier ants
  3 hell hounds (Lair:6)
  A floating eye (shapeshifter) (Vaults:5)
  11 water moccasins
  9 porcupines
  A swamp worm (shapeshifter) (Depths:1)
  2 floating eyes
  Purgy (Sewer)
  19 orc warriors
  2 ettin simulacra
  22 ogres
  2 black bears (D:9)
  21 ice beasts
  23 wolves
  A boggart (shapeshifter) (Vaults:1)
  A phantom (D:8)
  A boggart (Depths:1)
  2 sky beasts
  15 centaurs
  12 crocodiles
  2 big kobolds
  15 bullfrogs
  17 killer bees
  4 scorpions
  10 wights
  2 electric eels (Snake:2)
  6 howler monkeys
  4 crimson imps
  4 lava snakes (Lair:6)
  4 centaur skeletons
  A jelly (D:8)
  6 quasits
  3 bullfrog zombies
  An iron imp (Depths:4)
  7 orc priests
  2 bullfrog skeletons
  5 hounds
  Ijyb (D:2)
  Jessica (D:3)
  Terence (D:3)
  Natasha (thrice) (D:4)
  An iguana (D:4)
  19 orc wizards
  21 worker ants
  A hound skeleton (D:8)
  2 hound zombies
  2 worker ant zombies
  Robin (D:3)
  8 gnolls
  10 adders
  2 river rats (D:6)
  6 shadow imps
  4 white imps
  3 oozes
  2 adder zombies
  2 worms
  4 leopard geckos
  63 orcs
  A ball python (D:1)
  4 giant cockroaches
  21 goblins
  11 hobgoblins
  3 jackals (D:1)
  8 quokkas
  15 bats
  3 frilled lizards
  A jackal zombie (D:7)
  13 kobolds
  7 rats
  3 crawling corpses (Elf:3)
  7 plants
1550 creatures vanquished.

Vanquished Creatures (collateral kills)
  Margery (Depths:5)
  Saint Roka (Depths:2)
  Nikola (Snake:4)
  A tentacled monstrosity (Vaults:3)
  Rupert (Orc:2)
  2 deep elf blademasters
  2 titans
  A sphinx (Depths:5)
  3 storm dragons
  2 tengu reavers (Vaults:5)
  Donald (Elf:1)
  2 nagarajas (Snake:4)
  2 shadow dragons
  A frost giant (shapeshifter) (Vaults:5)
  4 fire giants
  6 vault wardens
  3 frost giants
  5 deep elf sorcerers
  A deep elf elementalist (Elf:3)
  2 spriggan defenders (Depths:2)
  10 ironheart preservers
  A vampire knight (Depths:3)
  6 stone giants
  7 very ugly things
  An entropy weaver (Vaults:2)
  A green draconian (Vaults:1)
  2 red draconians (Depths:5)
  6 deep elf annihilators
  3 deep elf demonologists
  A spark wasp (Depths:1)
  A black draconian (Vaults:1)
  A yellow draconian (Depths:5)
  A white draconian (Depths:5)
  A spark wasp (shapeshifter) (Vaults:1)
  An ettin (shapeshifter) (Vaults:4)
  2 deep elf death magi (Elf:3)
  8 ettins
  A pearl dragon zombie (Depths:4)
  2 deep elf high priests
  4 fire dragons
  A merfolk javelineer (Shoals:2)
  2 jiangshi (Depths:1)
  3 yaktaur captains
  5 merfolk impalers
  A great orb of eyes (Depths:3)
  3 naga warriors
  11 vault guards
  2 ice dragons
  A catoblepas (Shoals:4)
  An anaconda (Snake:1)
  4 centaur warriors
  3 ogre magi
  3 merfolk avatars
  A spriggan air mage (Depths:3)
  3 death knights (Vaults:3)
  5 merfolk aquamancers
  2 death yaks (Shoals:4)
  3 two-headed ogres
  3 hell hogs (Depths:4)
  7 naga sharpshooters
  5 dancing weapons
  An orc high priest (Orc:2)
  4 deep elf knights
  A shock serpent (Snake:4)
  A large abomination (Elf:3)
  A fire crab (shapeshifter) (Vaults:4)
  5 skeletal warriors
  7 sea snakes
  5 hell knights
  3 salamander mystics (Snake:4)
  A glowing orange brain (Vaults:3)
  9 deep trolls
  6 naga ritualists
  A wizard (Vaults:3)
  3 deep elf archers
  4 orc knights
  7 harpies
  7 ironbrand convokers
  4 necromancers
  20 deep elf magi
  A mana viper (Snake:1)
  4 fauns (Shoals:1)
  2 wolf spiders (Vaults:2)
  3 cyclopes
  3 apis skeletons (Depths:4)
  4 orc sorcerers
  7 manticores
  A moth of wrath (shapeshifter) (Vaults:5)
  3 salamanders
  21 ugly things
  A frost giant skeleton (Depths:2)
  A molten gargoyle (D:15)
  A rust devil (Depths:3)
  5 merfolk sirens
  6 naga magi
  4 water nymphs
  A fire giant skeleton (Depths:2)
  A guardian serpent (Snake:1)
  10 black mambas
  10 vault sentinels
  11 yaktaurs
  A freezing wraith (Vaults:4)
  A red devil (Depths:3)
  17 merfolk
  A wind drake (Shoals:4)
  A jumping spider (Vaults:2)
  14 slime creatures
  A dream sheep (Shoals:2)
  2 hippogriffs
  A hippogriff (shapeshifter) (Vaults:4)
  7 snapping turtles
  A redback (Vaults:2)
  2 spriggans (shapeshifter)
  A yak (D:14)
  8 water elementals
  A fire elemental (D:15)
  A hog (Shoals:4)
  18 nagas
  2 wargs
  A floating eye (Depths:4)
  13 orc warriors
  A wolf (shapeshifter) (Vaults:5)
  8 ogres
  A crocodile (D:15)
  An earth elemental (Elf:2)
  7 orc priests
  9 orc wizards
  An iguana (D:14)
  18 orcs
  A crawling corpse (Elf:3)
  3 plants (Shoals:1)
505 creatures vanquished.

Vanquished Creatures (others)
  A deep elf demonologist (Elf:3)
  A deep elf knight (Vaults:4)
  6 polar bears (IceCv)
  A human (Shoals:4)
  An orc warrior (Orc:2)
  3 wolves (IceCv)
  8 fungi
  16 plants
37 creatures vanquished.

Grand Total: 2092 creatures vanquished

Notes
Turn   | Place    | Note
-------+----------+-------------------------------------------
     0 | D:1      | Napalmbreeze the Deep Elf Fire Elementalist began the quest
                  | for the Orb.
     0 | D:1      | Reached XP level 1. HP: 10/10 MP: 6/6
   186 | D:1      | Reached XP level 2. HP: 15/15 MP: 5/8
  1010 | D:1      | Reached XP level 3. HP: 19/19 MP: 8/10
  1170 | D:2      | Learned a level 2 spell: Throw Flame
  1174 | D:2      | Learned a level 3 spell: Conjure Flame
  2340 | D:2      | Found a faded altar of an unknown god.
  2469 | D:3      | Reached XP level 4. HP: 24/24 MP: 5/11
  2488 | D:3      | Noticed Ijyb
  2587 | D:2      | Killed Ijyb
  2587 | D:2      | Reached skill level 4 in Spellcasting
  2838 | D:3      | Noticed Robin
  2843 | D:3      | Killed Robin
  2916 | D:3      | Learned a level 4 spell: Sticky Flame
  3024 | D:3      | Reached XP level 5. HP: 28/28 MP: 7/13
  3179 | D:3      | Noticed Terence
  3302 | D:3      | Killed Terence
  3566 | D:3      | Noticed Jessica
  3567 | D:3      | Killed Jessica
  4137 | D:4      | Found a sacrificial altar of Ru.
  4139 | D:4      | Reached XP level 6. HP: 32/32 MP: 13/15
  4147 | D:4      | Reached skill level 5 in Spellcasting
  4307 | D:4      | Reached skill level 5 in Conjurations
  4361 | D:4      | Found a transporter.
  4362 | D:4      | Noticed WhatIsLove's ghost (novice HOMo)
  4367 | D:4      | Found a transporter.
  4384 | D:4      | Noticed an orc warrior
  4394 | D:4      | Killed an orc warrior
  4394 | D:4      | Reached skill level 5 in Fire Magic
  4410 | D:4      | Reached XP level 7. HP: 26/36 MP: 0/17
  4577 | D:4      | Found a burning altar of Makhleb.
  4580 | D:4      | Noticed a balrug
  4764 | D:4      | Noticed Natasha
  4766 | D:4      | Killed Natasha
  5047 | D:4      | Found an iron altar of Okawaru.
  5048 | D:4      | Noticed Natasha
  5069 | D:4      | Killed Natasha
  5069 | D:4      | Reached skill level 6 in Spellcasting
  5129 | D:4      | Found a glowing golden altar of the Shining One.
  5171 | D:4      | Noticed Natasha
  5174 | D:4      | Killed Natasha
  5482 | D:5      | Entered Level 5 of the Dungeon
  5696 | D:5      | Found Zeabroa's Book Emporium.
  5704 | D:5      | Found Suer's Distillery.
  5847 | D:5      | Found Luokh's General Store.
  6085 | D:5      | Learned a level 5 spell: Fireball
  6088 | D:5      | Learned a level 2 spell: Swiftness
  6186 | D:5      | Reached skill level 1 in Charms
  6328 | D:5      | Found Sakyam's Magic Scroll Shop.
  6463 | D:5      | Found Pidderit's Weapon Shoppe.
  6808 | D:6      | Reached XP level 8. HP: 41/41 MP: 14/19
  6881 | D:6      | Found a glowing drain.
  6885 | Sewer    | Entered a sewer
  6964 | Sewer    | Noticed Purgy
  6979 | Sewer    | Killed Purgy
  7346 | D:6      | Reached skill level 7 in Spellcasting
  7536 | D:6      | Found a staircase to the Ecumenical Temple.
  7551 | Temple   | Entered the Ecumenical Temple
  7640 | Temple   | Became a worshipper of Vehumet
  7937 | D:6      | Found a burning altar of Makhleb.
  8535 | D:7      | Found a bloodstained altar of Trog.
  9187 | D:7      | Reached XP level 9. HP: 45/45 MP: 16/22
  9310 | D:7      | Reached skill level 8 in Spellcasting
  9473 | D:7      | Reached * piety under Vehumet
  9473 | D:7      | Offered knowledge of Sting by Vehumet.
  9913 | D:7      | Reached skill level 10 in Conjurations
 10064 | D:7      | Reached skill level 9 in Spellcasting
 10140 | D:7      | Found an ancient bone altar of Kikubaaqudgha.
 10448 | D:8      | Noticed Joseph
 10455 | D:8      | Killed Joseph
 10458 | D:8      | Noticed Harold
 11119 | D:8      | Found a runed gate.
 11121 | D:8      | Found an opulent altar of Gozag.
 11121 | D:8      | Noticed a cyclops
 11122 | D:8      | Noticed Gerstahl's ghost (novice DsGl)
 11256 | D:8      | Noticed Maurice
 11262 | D:8      | Killed Maurice
 11262 | D:8      | Reached XP level 10. HP: 50/50 MP: 6/25
 11493 | D:8      | Noticed Gastronok
 11669 | D:8      | Found a runed gate.
 11681 | D:8      | Found a runed gate.
 11823 | D:8      | Reached skill level 10 in Spellcasting
 12320 | D:8      | Killed Harold
 12320 | D:8      | Offered knowledge of Sandblast by Vehumet.
 12320 | D:8      | Reached skill level 5 in Dodging
 12500 | D:8      | Found Ymmoalouso's Assorted Antiques.
 12514 | D:8      | Reached ** piety under Vehumet
 12553 | D:8      | Found Suimok's Magic Scroll Boutique.
 12619 | D:8      | Found Vema's Weapon Shop.
 13650 | D:9      | Found a staircase to the Orcish Mines.
 13721 | D:9      | Found Huci's Weapon Boutique.
 13880 | D:8      | Reached skill level 11 in Spellcasting
 14476 | D:9      | Offered knowledge of Throw Frost by Vehumet.
 14697 | D:9      | Noticed a two-headed ogre
 14945 | D:9      | Killed a two-headed ogre
 14945 | D:9      | Reached XP level 11. HP: 54/54 MP: 14/28
 15140 | D:10     | Entered Level 10 of the Dungeon
 15158 | D:10     | Noticed Erica
 15162 | D:10     | Killed Erica
 15162 | D:10     | Reached skill level 10 in Fire Magic
 15333 | D:10     | Got a slimy lead ring
 15336 | D:10     | Identified the ring "Gisafred" {*Contam EV+5 Str+8} (You
                  | found it on level 10 of the Dungeon)
 15555 | D:10     | Found an iron altar of Okawaru.
 15729 | D:10     | Noticed a two-headed ogre
 15765 | D:10     | Killed a two-headed ogre
 16768 | D:11     | Got a glittering golden amulet
 16799 | D:11     | Identified the amulet "Pefuwump" {Spirit rElec rF++ rN+
                  | Int-4} (You found it on level 11 of the Dungeon)
 17284 | D:11     | Reached *** piety under Vehumet
 17299 | D:11     | Found a staircase to the Lair.
 17896 | D:11     | Got a heavily runed lead ring
 17907 | D:11     | Identified the ring of Uhabba {Ice Str+7 Slay-3 SInv} (You
                  | found it on level 11 of the Dungeon)
 18138 | Lair:1   | Entered Level 1 of the Lair of Beasts
 18168 | Lair:1   | Found a frozen archway.
 18178 | Lair:1   | Reached skill level 12 in Spellcasting
 18233 | IceCv    | Entered an ice cave
 18352 | IceCv    | Offered knowledge of Ignite Poison by Vehumet.
 18709 | IceCv    | Reached skill level 1 in Fighting
 18882 | IceCv    | Noticed a death yak
 18909 | IceCv    | Killed a death yak
 19092 | IceCv    | Reached XP level 12. HP: 59/62 MP: 10/30
 19781 | IceCv    | Noticed a frost giant
 19801 | IceCv    | Killed a frost giant
 19801 | IceCv    | Reached **** piety under Vehumet
 19801 | IceCv    | Reached skill level 13 in Spellcasting
 20675 | D:5      | Bought a book of Power for 585 gold pieces
 20684 | D:5      | Learned a level 7 spell: Orb of Destruction
 20990 | Lair:1   | Learned a level 7 spell: Spellforged Servitor
 21091 | Lair:1   | Offered knowledge of Bolt of Draining by Vehumet.
 21513 | Lair:1   | Found a runed door.
 21516 | Lair:1   | Noticed Banouka's ghost (journeyman DrIE)
 21709 | Lair:2   | Found a staircase to the Snake Pit.
 22750 | Lair:2   | Reached skill level 1 in Summonings
 23218 | Lair:3   | Reached skill level 14 in Spellcasting
 23416 | Lair:3   | Noticed a six-headed hydra
 23681 | Lair:2   | Reached XP level 13. HP: 40/72 MP: 15/33
 24246 | Lair:3   | Reached ***** piety under Vehumet
 24271 | Lair:3   | Reached skill level 5 in Fighting
 24362 | Lair:3   | Offered knowledge of Conjure Ball Lightning by Vehumet.
 25055 | Lair:4   | Found a staircase to the Shoals.
 25056 | Lair:4   | Noticed Nergalle
 25858 | Lair:4   | Killed Nergalle
 26694 | Lair:4   | Reached skill level 5 in Summonings
 27392 | Lair:5   | Reached skill level 15 in Spellcasting
 27858 | Lair:6   | Entered Level 6 of the Lair of Beasts
 28325 | Lair:6   | Found a labyrinth entrance.
 28341 | Lab      | Entered a labyrinth
 28446 | Lab      | Noticed a minotaur
 28756 | Lab      | Killed a minotaur
 28756 | Lab      | Offered knowledge of Iskenderun's Mystic Blast by Vehumet.
 28907 | Lab      | Identified the Almanac of Supportive Execration
 28907 | Lab      | Identified the Tome of Gliding Enhancements
 28908 | Lab      | Got a sparkling silver ring
 28911 | Lab      | Identified the ring of Tode Wed {rElec rPois rF+ Int+3
                  | Stlth-} (You found it in a labyrinth)
 29322 | Lair:6   | Found a staircase to the Slime Pits.
 29373 | Lair:6   | Reached XP level 14. HP: 71/80 MP: 19/35
 30047 | Lair:6   | Noticed Josephine
 30050 | Lair:6   | Killed Josephine
 31275 | Lair:6   | Reached skill level 15 in Conjurations
 31306 | Lair:6   | Found a large runed door.
 31307 | Lair:6   | Found a large runed door.
 31712 | Lair:1   | Identified a scroll of acquirement
 31713 | Lair:1   | Got a fine plate armour
 31724 | Lair:1   | Identified the +8 plate armour "Womp" {rElec rPois MR+}
                  | (You acquired it on level 1 of the Lair of Beasts)
 31946 | D:12     | Noticed Snorg
 31960 | D:11     | Killed Snorg
 32210 | D:12     | Learned a level 6 spell: Iron Shot
 32255 | D:12     | Reached skill level 16 in Spellcasting
 32537 | D:12     | HP: 4/82 [centaur warrior/arrow (13)]
 33102 | D:12     | Noticed Frances
 33110 | D:12     | Killed Frances
 33110 | D:12     | Reached skill level 1 in Earth Magic
 33410 | D:12     | Noticed an entropy weaver
 33415 | D:12     | Killed an entropy weaver
 33652 | D:12     | Noticed an entropy weaver
 33656 | D:12     | Killed an entropy weaver
 35988 | D:13     | Offered knowledge of Irradiate by Vehumet.
 36356 | D:13     | Found a runed door.
 37384 | D:14     | Found a gate to the Vaults.
 37388 | D:14     | Reached XP level 15. HP: 84/88 MP: 21/37
 37391 | D:14     | Reached skill level 5 in Earth Magic
 37861 | D:14     | Found Tola Kugg's Elemental Accessories.
 37906 | D:14     | Found the +7 sceptre of Torment
 38787 | D:15     | Entered Level 15 of the Dungeon
 39412 | D:15     | Offered knowledge of Bolt of Fire by Vehumet.
 39420 | D:15     | Learned a level 6 spell: Bolt of Fire
 39711 | D:15     | Found a staircase to the Depths.
 40600 | D:5      | Bought a book of Ice for 845 gold pieces
 40607 | D:5      | Learned a level 6 spell: Freezing Cloud
 40693 | Orc:1    | Entered Level 1 of the Orcish Mines
 40956 | Orc:2    | Entered Level 2 of the Orcish Mines
 40957 | Orc:2    | Found a staircase to the Elven Halls.
 41019 | Orc:2    | Reached skill level 1 in Ice Magic
 41447 | Orc:2    | Noticed Rupert
 41452 | Orc:2    | Killed Rupert
 41942 | Orc:2    | Found Zuoghou's Magic Scroll Shoppe.
 41942 | Orc:2    | Found Cuesuymp's Distillery.
 41945 | Orc:2    | Found Puix's Weapon Emporium.
 41947 | Orc:2    | Found Yngey's Food Shoppe.
 42002 | Orc:2    | Bought a scroll of blinking for 105 gold pieces
 42007 | Orc:2    | Bought a ration for 50 gold pieces
 42007 | Orc:2    | Bought a ration for 50 gold pieces
 42007 | Orc:2    | Bought a ration for 50 gold pieces
 42007 | Orc:2    | Bought a ration for 50 gold pieces
 42007 | Orc:2    | Bought a ration for 50 gold pieces
 42007 | Orc:2    | Bought a ration for 50 gold pieces
 42007 | Orc:2    | Bought a ration for 50 gold pieces
 42007 | Orc:2    | Bought a ration for 50 gold pieces
 42007 | Orc:2    | Bought a ration for 50 gold pieces
 42007 | Orc:2    | Bought a ration for 50 gold pieces
 42007 | Orc:2    | Bought a ration for 50 gold pieces
 42007 | Orc:2    | Bought a ration for 50 gold pieces
 42007 | Orc:2    | Bought a ration for 50 gold pieces
 42284 | Orc:2    | Reached skill level 5 in Ice Magic
 42713 | Shoals:1 | Entered Level 1 of the Shoals
 42907 | Shoals:1 | Offered knowledge of Poison Arrow by Vehumet.
 43191 | Shoals:1 | Noticed Louise
 43199 | Shoals:1 | Killed Louise
 44181 | Shoals:2 | Reached skill level 10 in Summonings
 44650 | Shoals:2 | Reached XP level 16. HP: 30/93 MP: 2/38
 45636 | Shoals:3 | Offered knowledge of Conjure Ball Lightning by Vehumet.
 45855 | Shoals:3 | Got a creamy pearl robe
 45857 | Shoals:3 | Identified the +2 robe "Rip Qenk" {Dex+3} (You found it on
                  | level 3 of the Shoals)
 46059 | Shoals:3 | Reached skill level 17 in Spellcasting
 46293 | Shoals:4 | Entered Level 4 of the Shoals
 47409 | Shoals:4 | Noticed Polyphemus
 47589 | Shoals:4 | Got a barnacled rune of Zot
 48834 | Shoals:4 | Killed Polyphemus
 49489 | Shoals:4 | Reached skill level 10 in Earth Magic
 49782 | Shoals:4 | Noticed Kirke
 49787 | Shoals:4 | Killed Kirke
 50014 | Snake:1  | Entered Level 1 of the Snake Pit
 50706 | Snake:1  | Reached skill level 18 in Spellcasting
 51544 | Snake:1  | Reached XP level 17. HP: 89/99 MP: 26/41
 51805 | Snake:1  | Reached ****** piety under Vehumet
 52020 | Snake:1  | Offered knowledge of Poison Arrow by Vehumet.
 52975 | Snake:2  | Found Legetzai's Book Boutique.
 55324 | Snake:4  | Entered Level 4 of the Snake Pit
 55941 | Snake:4  | Reached skill level 10 in Fighting
 56771 | Snake:4  | Noticed Nikola
 58220 | Snake:4  | Killed Nikola
 58220 | Snake:4  | Reached skill level 19 in Spellcasting
 59486 | Snake:4  | Reached XP level 18. HP: 83/110 MP: 5/43
 59830 | Snake:4  | Got a serpentine rune of Zot
 60250 | Vaults:1 | Entered Level 1 of the Vaults
 61905 | Vaults:1 | Offered knowledge of Shatter by Vehumet.
 61905 | Vaults:1 | Offered knowledge of Tornado by Vehumet.
 61905 | Vaults:1 | Offered knowledge of Ignition by Vehumet.
 61915 | Vaults:1 | Learned a level 8 spell: Ignition
 63237 | Vaults:1 | Found Naopnuet's Armour Shoppe.
 63925 | Vaults:1 | Reached skill level 20 in Spellcasting
 65221 | D:5      | Bought a book of the Warp for 990 gold pieces
 65956 | Vaults:2 | Learned a level 8 spell: Controlled Blink
 65966 | Vaults:2 | Reached skill level 1 in Translocations
 67003 | Vaults:2 | Reached skill level 5 in Translocations
 67167 | Vaults:2 | Found Dudeon's Antique Armour Shop.
 67433 | Vaults:2 | Reached XP level 19. HP: 115/116 MP: 32/45
 67550 | Vaults:2 | Identified Xehafust's Reference Book on Beguiling
 69654 | Vaults:3 | Reached skill level 10 in Translocations
 70834 | Vaults:3 | Found a staircase to the Crypt.
 70974 | Vaults:3 | Got a faintly glowing scale mail
 70975 | Vaults:3 | Identified the +2 scale mail of the Blacksmith {rC+} (You
                  | found it on level 3 of the Vaults)
 71946 | Vaults:3 | Found Luguowuu's Antique Weapon Emporium.
 75578 | Elf:1    | Entered Level 1 of the Elven Halls
 75580 | Elf:1    | Reached XP level 20. HP: 122/122 MP: 33/46
 75761 | Elf:1    | Found Uzxo's Magic Scroll Shoppe.
 75765 | Elf:1    | Bought a scroll of blinking for 120 gold pieces
 76226 | Elf:1    | Noticed Donald
 76231 | Elf:1    | Killed Donald
 76231 | Elf:1    | Reached skill level 15 in Translocations
 76370 | Elf:1    | Found Zanitzom's Jewellery Boutique.
 76370 | Elf:1    | Found Mayj's Gadget Emporium.
 76371 | Elf:1    | Found Jula's Gadget Emporium.
 78532 | Elf:2    | Found a runed gate.
 78534 | Elf:2    | Found a runed gate.
 78537 | Elf:2    | Found a runed gate.
 79700 | Elf:3    | Entered Level 3 of the Elven Halls
 81744 | Elf:3    | Got a faintly glowing lapis lazuli ring
 81764 | Elf:3    | Reached XP level 21. HP: 127/127 MP: 27/47
 81907 | Elf:3    | Identified the cursed ring "Ungegopt" {rF+ Str-3} (You took
                  | it off a deep elf mage on level 3 of the Elven Halls)
 82008 | Elf:3    | Identified Advanced Spellcraft
 82530 | Depths:1 | Entered Level 1 of the Depths
 83194 | Depths:1 | Reached skill level 15 in Fire Magic
 83361 | Depths:1 | Found a gateway to Hell.
 83930 | Elf:3    | Got a steaming robe
 83931 | Elf:3    | Identified the cursed +1 robe "Ischunan" {rElec rPois rF+}
                  | (You took it off a deep elf sorcerer on level 3 of the
                  | Elven Halls)
 85856 | Depths:2 | Noticed Saint Roka
 85862 | Depths:2 | Killed Saint Roka
 86669 | Depths:2 | Found a gateway to a ziggurat.
 86696 | Depths:2 | Found a one-way gate leading to the halls of Pandemonium.
 88266 | Depths:2 | Found a sparkling altar of Nemelex Xobeh.
 88331 | Depths:2 | Found a one-way gate to the infinite horrors of the Abyss.
 88603 | Depths:3 | Noticed Boris
 88609 | Depths:3 | Killed Boris
 89501 | Depths:3 | Noticed the Enchantress
 89746 | Depths:3 | Reached XP level 22. HP: 132/132 MP: 24/48
 93737 | Depths:4 | Found a basalt altar of Yredelemnul.
 94578 | Depths:4 | Found a runed door.
 94578 | Depths:4 | Noticed a juggernaut
 94580 | Depths:4 | Noticed a juggernaut
 94675 | Depths:4 | Noticed Frederick
 94684 | Depths:4 | Killed Frederick
 95509 | Depths:4 | Got a slimy hand axe
 95514 | Depths:4 | Identified the +8 hand axe of Havoc {chop, rElec} (You
                  | found it on level 4 of the Depths)
 95719 | Depths:5 | Entered Level 5 of the Depths
 95723 | Depths:5 | Noticed a juggernaut
 95990 | Depths:5 | Noticed a juggernaut
 96611 | Depths:5 | Paralysed by a floating eye for 4 turns
 96742 | Depths:4 | Killed a juggernaut
 97176 | Depths:5 | Killed a juggernaut
 97176 | Depths:5 | Reached skill level 15 in Fighting
 97183 | Depths:5 | Reached XP level 23. HP: 144/144 MP: 25/49
 97187 | Depths:5 | Reached skill level 21 in Spellcasting
 98124 | Depths:5 | Got a pair of polished gloves
 98135 | Depths:5 | Identified the +0 pair of gloves "Celonisa" {rN+} (You
                  | acquired it on level 5 of the Depths)
 98539 | Depths:5 | Noticed Margery
 98553 | Depths:5 | Killed Margery
 99158 | Depths:5 | Found a gate to the Realm of Zot.
 99607 | Vaults:5 | Entered Level 5 of the Vaults
102097 | Vaults:5 | Reached skill level 22 in Spellcasting
102812 | Vaults:5 | Reached XP level 24. HP: 122/154 MP: 29/51
103378 | Vaults:5 | Found Ezahas's Distillery.
103381 | Vaults:5 | Found Urocs's Gadget Shop.
103385 | Vaults:5 | Found Daraup's Magic Scroll Shop.
103893 | Vaults:5 | Noticed an ancient lich
103901 | Vaults:5 | Killed from afar by an ancient lich

Vault maps used:
D:1:      lightli_arrival_windingriver
D:2:      chequers_ecumenical_altar_twisty
D:3:      kennysheep_the_goblin_king, uniq_jessica, uniq_robin, uniq_terence,
          uniq_ijyb
D:4:      nicolae_ru_great_annihilating_truth, grunt_temple_overflow_open,
          gammafunk_ghost_smash, first_ration, kennysheep_decorative_pillar,
          makhleb_altar_promises_db, uniq_natasha
D:5:      serial_shops, shop, nicolae_shop_window_shopping, shop,
          nicolae_shop_behind_doors, nicolae_shop_statue_plus
D:6:      lemuel_round_altar, temple_pool_b, gup_sewer_entry_bowl,
          kennysheep_generic_room_9
D:7:      basic_altar, enter_ossuary_3, grunt_livestock,
          trog_three_pillars_becter
D:8:      ebering_ghost_gozag, serial_shops, shop_fountains,
          nicolae_shop_statue_plus, nicolae_shop_statue_plus, uniq_harold,
          uniq_gastronok, uniq_joseph, uniq_maurice
D:9:      orc_david_3
D:10:     lemuel_statue_altar, uniq_erica
D:11:     minmay_weird_star
D:12:     zaba_antful_of_joy, uniq_snorg, uniq_frances
D:13:     cheibrodos_shockbox, enter_bailey_2, hangedman_decor_peaks_small
D:14:     lightli_vaults_fourway_checkpoint, kennysheep_small_spiral,
          basic_loot_grate_trap, hangedman_abyss_or_decor_lesser_grid,
          spider_trap, nicolae_elemental_shop
D:15:     hangedman_depths_entry_try_elsewhere_first
Temple:   regret_index_temple_mists
Lair:1:   ebering_ghost_funeral_grove, portal_ice_cave_entry_ice_beasts,
          minmay_stone_trees_large
Lair:2:   guppyfry_snake_entry_island, minmay_holes, ice2_lemuel
Lair:3:   beast_lair_carwin_7
Lair:4:   minmay_shoals_entry_centaurs, uniq_nergalle
Lair:5:   fungi_pond_lemuel
Lair:6:   cheibrodos_lair_end_hotspot, minmay_slime_entry_oklob_enclosed,
          lab_entry_generic, uniq_josephine
Shoals:1: uniq_louise
Shoals:4: shoals_end_simple, uniq_polyphemus, uniq_kirke
Snake:2:  serial_shops, nicolae_shop_crystal, hangedman_snake_thin_pillar_pass,
          serial_bayou_ford_a, serial_bayou_shore_b
Snake:4:  minmay_snake_end_coiled, uniq_nikola
Orc:2:    st_orc_mages, uniq_rupert
Elf:1:    minmay_elf_arrival_plus, serial_shops, nicolae_shop_statue_plus,
          kennysheep_underground_church, minmay_shop_grove, uniq_donald
Elf:2:    minmay_crystal_room
Elf:3:    elf_hall
Vaults:1: vaults_room_stairs_pillars, st_greater_box_5, grunt_vaults_swirl,
          v_misc_24, grunt_vaults_funnel, v_misc_12, hangedman_vaults_capsules,
          nicolae_vaults_yaktaur_gun_rack, vaults_room_fours,
          vaults_room_hallway, serial_shops, shop_statue
Vaults:2: hangedman_vaults_corner_blocks, nicolae_vaults_rhombus_5, st_lines,
          nicolae_vaults_alarming, nicolae_vaults_hallways_thing, v_pattern_1,
          serial_ice_m, vaults_standard_mumra_enter_the_diamond,
          vaults_mumra_minichess_inversion, ontoclasm_vaults_hangar,
          ontoclasm_vaults_shuriken, vaults_standard_mumra_x, v_misc_9,
          serial_shops, shop_fountains
Vaults:3: st_squares, vaults_dpeg_ring, nicolae_vaults_what_the_h,
          hangedman_vaults_trim, minmay_crypt_entry_simple_sparse,
          ontoclasm_vaults_misaligned, v_misc_27, vaults_mumra_minichess,
          ontoclasm_vaults_idyll, ontoclasm_vaults_hangar,
          hangedman_vaults_variations, v_misc_28, ontoclasm_vaults_misaligned,
          grunt_vaults_focal, hangedman_vaults_stretched_pinwheel,
          hangedman_vaults_stretched_pinwheel, serial_shops, shop
Vaults:4: v_misc_28, vaults_dpeg_encased_lava, nicolae_vaults_display_case,
          nicolae_vaults_mini_display_case, ontoclasm_vaults_ring_large,
          dpeg_vaults_monster_box, vaults_room_corners, ontoclasm_vaults_chip,
          nicolae_vaults_asterisk, nicolae_vaults_specimen_jars
Depths:1: hell_entry, kennysheep_donut, evilmike_minifort
Depths:2: hangedman_arch_fort, enter_ziggurat_a, pan_entry,
          nemelex_xobeh_ov_fountains_minmay, hangedman_geh_valley,
          abyss_entry_small_statue_room, uniq_saint_roka
Depths:3: minmay_skeletal_surprise, lightli_too_deep, grunt_pan_entry_zigzag,
          minmay_misc_feat_x, kennysheep_random_hallway,
          infiniplex_staircase_zigzag_4, uniq_boris, uniq_enchantress
Depths:4: minmay_gate_of_8, abyss_entry, minmay_misc_feat_ornament,
          grunt_pan_entry_spiral, grunt_hell_entry_dis_old, hangedman_blasphemy,
          uniq_frederick
Depths:5: grunt_zot_entry_hairpin, serial_glass, glass_columns_a,
          glass_columns_c, abyss_entry, hell_entry, st_stairs_2, uniq_margery
Lab:      nicolae_lab_flowing_pool, nicolae_lab_garden, nicolae_lab_diamond,
          nicolae_lab_plus, labyrinth_skeletal_remains
Sewer:    sewer_big_baddie
IceCv:    ice_cave_caverns_03

Skill      XL: |  1  2  3  4  5  6  7  8  9 10 11 12 13 14 15 16 17 18 19 20 21 22 23 24 |
---------------+-------------------------------------------------------------------------+-----
Conjurations   | 2 3 4 5 7 8 10 11 12 13 14 15 16 17 18 19 20 | 20.1
Spellcasting   | 4 5 6 7 9 11 12 14 15 16 18 19 20 22 | 22.4
Fire Magic     | 4 5 7 8 9 11 12 13 14 17 18 | 18.0
Charms         | 1 4 |  4.0
Dodging        | 3 6 8 9 |  9.3
Fighting       | 2 4 6 8 11 12 15 16 17 | 17.3
Summonings     | 2 6 8 11 12 | 12.0
Earth Magic    | 4 6 10 | 10.0
Ice Magic      | 8 |  8.0
Translocations | 6 14 18 20 | 20.0
Stealth        | |  2.4

Action                   |  1- 3 |  4- 6 |  7- 9 | 10-12 | 13-15 | 16-18 | 19-21 | 22-24 || total
-------------------------+-------+-------+-------+-------+-------+-------+-------+-------++-------
Melee: Hunting sling     |       |       |     2 |     3 |       |       |       |       ||     5
       Staff             |       |       |       |       |     6 |     3 |     5 |     1 ||    15
 Fire: Hunting sling     |    35 |    39 |    18 |    20 |     1 |       |       |       ||   113
 Cast: Flame Tongue      |    74 |    62 |   197 |   289 |   153 |       |       |       ||   775
       Throw Flame       |     3 |    31 |    58 |    88 |   164 |       |       |       ||   344
       Conjure Flame     |     2 |     4 |    15 |    26 |    12 |     8 |    17 |     7 ||    91
       Sticky Flame      |       |     2 |    21 |    85 |   104 |    43 |    21 |     8 ||   284
       Fireball          |       |       |     8 |    66 |    64 |    13 |       |       ||   151
       Swiftness         |       |       |       |     6 |     6 |     5 |     1 |     1 ||    19
       Orb of Destructio |       |       |       |     7 |    90 |   102 |    76 |    99 ||   374
       Iron Shot         |       |       |       |       |   123 |   248 |   266 |   198 ||   835
       Spellforged Servi |       |       |       |       |    38 |    88 |    85 |    54 ||   265
       Bolt of Fire      |       |       |       |       |    29 |   114 |   114 |   114 ||   371
       Freezing Cloud    |       |       |       |       |     2 |    45 |    61 |    26 ||   134
       Ignition          |       |       |       |       |       |       |    14 |    28 ||    42
       Controlled Blink  |       |       |       |       |       |       |     2 |     2 ||     4
 Abil: Evoke Flight      |       |       |       |       |     1 |       |       |       ||     1
Evoke: Wand              |       |       |     1 |     8 |     5 |     3 |     5 |    20 ||    42
  Use: Scroll            |       |     6 |     4 |    11 |    10 |    12 |    18 |    10 ||    71
       Potion            |       |       |     1 |     4 |     5 |     6 |     7 |     5 ||    28
  Eat: Chunk             |     5 |     6 |    14 |    26 |    82 |    47 |    54 |    39 ||   273
       Ration            |       |       |     3 |     7 |    13 |    22 |    11 |    12 ||    68
Armor: Robe              |     2 |     3 |     8 |    17 |       |       |     4 |    21 ||    55
       Skin              |       |    10 |       |       |       |       |       |       ||    10
       Acid dragon scale |       |       |       |    25 |    69 |    75 |    55 |       ||   224
Dodge: Dodged            |    42 |    11 |    22 |   216 |   395 |   316 |   235 |   177 ||  1414

Table legend:
 A = Non-vault XP
 B = Vault XP
 C = Vault XP percentage of total XP
 D = Non-vault monster count
 E = Vault monster count
 F = Vault count percentage of total count
                 A         B        C        D         E       F
            +---------+---------+-------+---------+---------+-------
      Total |  527521 |  498360 |  48.6 |    1240 |     803 |  39.3
            +---------+---------+-------+---------+---------+-------
        D:1 |      44 |       0 |   0.0 |      22 |       0 |   0.0
        D:2 |      45 |      39 |  46.4 |      20 |       1 |   4.8
        D:3 |      89 |     121 |  57.6 |      24 |      20 |  45.5
        D:4 |     623 |      87 |  12.3 |      19 |       5 |  20.8
        D:5 |     360 |       0 |   0.0 |      18 |       0 |   0.0
        D:6 |     780 |     119 |  13.2 |      18 |       5 |  21.7
        D:7 |    1070 |     972 |  47.6 |      18 |       6 |  25.0
        D:8 |    2614 |    1942 |  42.6 |      32 |       3 |   8.6
        D:9 |    2342 |     424 |  15.3 |      18 |       6 |  25.0
       D:10 |    1223 |     960 |  44.0 |       5 |       1 |  16.7
       D:11 |    2056 |    1411 |  40.7 |      21 |       5 |  19.2
       D:12 |    3412 |    8447 |  71.2 |      21 |      30 |  58.8
       D:13 |    8388 |     784 |   8.5 |      37 |       1 |   2.6
       D:14 |    9515 |    4846 |  33.7 |      34 |      12 |  26.1
       D:15 |    6770 |    2648 |  28.1 |      20 |       4 |  16.7
     Lair:1 |    3420 |    1917 |  35.9 |      17 |      11 |  39.3
     Lair:2 |    3532 |    2030 |  36.5 |      15 |      12 |  44.4
     Lair:3 |    3995 |    2015 |  33.5 |      17 |      13 |  43.3
     Lair:4 |    6591 |    1161 |  15.0 |      21 |       4 |  16.0
     Lair:5 |    6274 |     367 |   5.5 |      18 |       1 |   5.3
     Lair:6 |    7466 |   11910 |  61.5 |      31 |      33 |  51.6
   Shoals:1 |    7048 |    1034 |  12.8 |      22 |       1 |   4.3
   Shoals:2 |   16908 |       0 |   0.0 |      43 |       0 |   0.0
   Shoals:3 |   11618 |    1043 |   8.2 |      29 |       1 |   3.3
   Shoals:4 |   11246 |   22460 |  66.6 |      26 |      43 |  62.3
    Snake:1 |   21300 |       0 |   0.0 |      46 |       0 |   0.0
    Snake:2 |   11025 |       0 |   0.0 |      22 |       0 |   0.0
    Snake:3 |    7777 |       0 |   0.0 |      14 |       0 |   0.0
    Snake:4 |   26572 |   24082 |  47.5 |      55 |      47 |  46.1
      Orc:1 |     260 |       0 |   0.0 |       8 |       0 |   0.0
      Orc:2 |    2461 |    5322 |  68.4 |      30 |      39 |  56.5
      Elf:1 |    9188 |    6426 |  41.2 |      15 |      11 |  42.3
      Elf:2 |   16452 |   22161 |  57.4 |      30 |      30 |  50.0
      Elf:3 |   25606 |   36045 |  58.5 |      38 |      29 |  43.3
   Vaults:1 |   23854 |   33342 |  58.3 |      48 |      52 |  52.0
   Vaults:2 |   28124 |   22541 |  44.5 |      55 |      43 |  43.9
   Vaults:3 |    3060 |   34727 |  91.9 |      10 |      54 |  84.4
   Vaults:4 |   26463 |   20934 |  44.2 |      40 |      32 |  44.4
   Vaults:5 |   23350 |  108802 |  82.3 |      42 |      90 |  68.2
   Depths:1 |   25762 |   13667 |  34.7 |      48 |      14 |  22.6
   Depths:2 |   31049 |   31095 |  50.0 |      45 |      34 |  43.0
   Depths:3 |   60137 |   19482 |  24.5 |      65 |      27 |  29.3
   Depths:4 |   33170 |   14903 |  31.0 |      35 |      16 |  31.4
   Depths:5 |   33205 |   28266 |  46.0 |      27 |      25 |  48.1
        Lab |    1277 |       0 |   0.0 |       1 |       0 |   0.0
      Sewer |       0 |     139 | 100.0 |       0 |       6 | 100.0
      IceCv |       0 |    9689 | 100.0 |       0 |      36 | 100.0
            +---------+---------+-------+---------+---------+-------
